AoeStats
← fahre

Nomad

510538803Analyzed
4v4 RM · 11h ago on Oct 1, 2026· 54m 53s· 8 players
Game mode
Random Map
Map size
231×231
Population
200
Speed
Normal
Resources
Standard
Victory
Conquest
Starting age
Dark Age
Ending age
Imperial Age
RankedLock teamsTeams togetherTeam positionsShared explorationLock speedFull tech treeHidden civsTurbo modeCheats
Victory
Defeat
🇳🇴 Bohemians · Norway
981
+13
🇹🇷 Franks · Türkiye
899
+16
🇪🇸 Spanish · Spain
876
+17
🇹🇷 Huns · Türkiye
796
+20
🇮🇩 Huns · Indonesia
1000
-20
🇻🇳 Ethiopians · Vietnam
885
-16
🇮🇩 Huns · Indonesia
876
-16
🇨🇳 Vietnamese · China
844
-14
Hüso
17:03 Feudal Age
19:17 Double-Bit Axe
22:00 Castle Age
22:53 Wheelbarrow
23:03 Bow Saw
24:07 Fishing Lines
25:21 Gillnets
26:58 Husbandry
28:41 Gold Mining
29:04 Scale Barding Armor
28:59 Scale Mail Armor
30:13 Stone Mining
32:35 Gold Shaft Mining
33:50 Chain Barding Armor
33:46 Chain Mail Armor
36:49 Imperial Age
36:56 Cavalier
42:18 Plate Barding Armor
42:13 Plate Mail Armor
47:22 Paladin
49:10 Chivalry
49:38 Conscription
CraminiNagini
12:50 Loom
16:07 Feudal Age
19:55 Castle Age
19:19 Fishing Lines
20:10 Padded Archer Armor
22:50 Horse Collar
22:56 Double-Bit Axe
24:52 Leather Archer Armor
27:24 Caravan
46:48 Imperial Age
47:55 Wheelbarrow
47:56 Conscription
49:53 Capped Ram
52:59 Hand Cart
52:48 Heavy Plow
53:00 Bow Saw
kris10an
15:39 Feudal Age
19:38 Castle Age
19:49 Double-Bit Axe
21:13 Husbandry
36:13 Pikeman
43:25 Imperial Age
41:32 Wheelbarrow
41:10 Forging
41:00 Scale Mail Armor
42:51 Iron Casting
44:04 Chain Mail Armor
43:27 Halberdier
48:16 Chemistry
47:59 Bow Saw
48:17 Houfnice
50:04 Plate Mail Armor
50:37 Blast Furnace
51:43 Siege Engineers
54:35 Caravan
fahre
15:27 Feudal Age
15:59 Double-Bit Axe
15:56 Horse Collar
16:00 Fishing Lines
20:40 Castle Age
20:42 Bloodlines
23:58 Husbandry
24:07 Thumb Ring
33:45 Bow Saw
36:48 Imperial Age
38:14 Cavalier
44:02 Elite Tarkan
46:58 Parthian Tactics
47:11 Marauders
49:35 Light Cavalry
51:26 Gillnets
54:54 Ballistics
54:40 Paladin
Teninesick
6:11 Loom
20:07 Feudal Age
24:31 Castle Age
22:46 Bloodlines
22:48 Forging
22:28 Fishing Lines
22:36 Double-Bit Axe
22:54 Stone Mining
25:54 Iron Casting
25:24 Scale Barding Armor
25:23 Gillnets
26:25 Husbandry
29:43 Chain Barding Armor
28:58 Light Cavalry
53:13 Wheelbarrow
52:55 Bow Saw
56:12 Imperial Age
499557901
7:11 Loom
15:13 Feudal Age
15:52 Town Watch
16:42 Wheelbarrow
17:53 Double-Bit Axe
18:32 Stone Mining
23:20 Castle Age
27:33 Pikeman
28:14 Squires
27:59 Arson
28:58 Scale Mail Armor
29:54 Bow Saw
35:14 Husbandry
36:06 Bloodlines
40:14 Scale Barding Armor
40:58 Forging
48:02 Elite Skirmisher
48:48 Thumb Ring
48:07 Crossbowman
48:46 Fletching
49:33 Iron Casting
50:09 Town Patrol
50:40 Bodkin Arrow
50:48 Padded Archer Armor
51:04 Chain Mail Armor
Sleeperis4065
8:25 Loom
17:11 Feudal Age
19:31 Man-at-Arms
21:25 Scale Mail Armor
21:36 Forging
21:40 Arson
36:21 Horse Collar
41:02 Castle Age
42:05 Chain Mail Armor
42:26 Iron Casting
41:55 Squires
42:26 Pikeman
49:19 Double-Bit Axe
dungnody
15:26 Feudal Age
18:01 Double-Bit Axe
21:07 Castle Age
20:09 Horse Collar
21:38 Forging
22:53 Crossbowman
26:05 Fletching
28:07 Bodkin Arrow
29:19 Padded Archer Armor
30:40 Wheelbarrow
50:34 Hand Cart
Connection lost

Rejoining the realm…

Still unreachable

The connection could not be restored.

Session expired

The server has moved on; the page needs a fresh start.